 Dungeon Sprint DCSS version 0.30-b1-6-gad0e9d6a2d (webtiles) character file.

Game seed: 7959468322873447136

99061 Groucho the Gargoyle Aeon (level 16, -17/120 HPs)
             Began as a Gargoyle Gladiator on May 5, 2023.
             Was the Champion of Cheibriados.
             Demolished by an emperor scorpion (27 damage)
             ... in the Dungeon (Sprint V: "Ziggurat Sprint").
             The game lasted 00:30:13 (3258 turns).

Groucho the Gargoyle Aeon (Gargoyle Gladiator)      Turns: 3258, Time: 00:30:14

Health: -17/120    AC: 54    Str: 45 (46) XL:     16   Next: 24%
Magic:  0/31       EV: 25    Int: 23      God:    Cheibriados [******]
Gold:   0          SH: 43    Dex: 38      Spells: 15/15 levels left

rFire   . . .        l - +6 shillelagh "Devastator" {shatter}
rCold   . . .        d - +18 shield of the Gong {Loud rN+ Will+ rCorr EV-5}
rNeg    + + +        b - +15 Maxwell's patent armour {-Cast -Tele rElec Will+ rCorr}
rPois   ∞            S - +2 hat of Indecent Exposure {Dex+2}
rElec   +            P - +2 cloak
rCorr   +            X - +2 pair of gloves {hurl}
SInv    .            v - +1 pair of boots of Icudin {rPois rN+ Str+4 Dex-2}
Will    +++..        Q - amulet of reflection Stlth
                     p - +6 ring of dexterity
HPRegen 0.40/turn    s - +6 ring of strength
MPRegen 0.22/turn

%: no teleportation, no spellcasting, reflection
@: corroded, flying, slowed, studying Ranged Weapons, unable to read, very slow
A: sickness immunity, AC +12, big wings, negative energy resistance 1,
electricity resistance, torment resistance 1, petrification resistance, subdued
magic 1, inability to read after injury 1
a: Renounce Religion, Bend Time, Temporal Distortion, Slouch, Step From Time


You were in the Dungeon.
You worshipped Cheibriados.
Cheibriados was exalted by your worship.
You visited 1 branch

Inventory:

Hand Weapons
 l - the +6 shillelagh "Devastator" (weapon) {shatter}
   (You found it in the Dungeon)
 F - the +8 trishula "Condemnation" {holy, anguish, *Noise Fly rN+}
   (You took it off a yellow draconian in the Dungeon)

   rN:        It protects you from negative energy.
   Fly:       It grants you flight.
   *Noise:    It may make noises in combat.
Armour
 a - +5 gold dragon scales
 b - the +15 Maxwell's patent armour (worn) {-Cast -Tele rElec Will+ rCorr}
   (You found it in the Dungeon)

   rElec:     It insulates you from electricity.
   -Cast:     It prevents spellcasting.
   -Tele:     It prevents most forms of teleportation.
   rCorr:     It protects you from acid and corrosion.
   Will:      It increases your willpower.
 d - the +18 shield of the Gong (worn) {Loud rN+ Will+ rCorr EV-5}
   (You found it in the Dungeon)

   Loud:      It is deafeningly noisy when blocking attacks.
   EV:        It affects your evasion (-5).
   rN:        It protects you from negative energy.
   rCorr:     It protects you from acid and corrosion.
   Will:      It increases your willpower.
 v - the +1 pair of boots of Icudin (worn) {rPois rN+ Str+4 Dex-2}
   (You found it in the Dungeon)

   Str:       It affects your strength (+4).
   Dex:       It affects your dexterity (-2).
   rPois:     It protects you from poison.
   rN:        It protects you from negative energy.
 P - a +2 cloak (worn)
 S - the +2 hat of Indecent Exposure (worn) {Dex+2}
   (You acquired it in the Dungeon)

   Dex:       It affects your dexterity (+2).
 X - a +2 pair of gloves of hurling (worn)
Jewellery
 c - an amulet of the acrobat
 n - a ring of flight
 o - the ring of the Tortoise {AC+8}
   (You found it in the Dungeon)

   [ring of protection]

   AC:        It affects your AC (+8).
 p - a +6 ring of dexterity (left hand)
 q - a ring of wizardry
 r - the ring "Itzotude" {Wiz rN++}
   (You found it in the Dungeon)

   [ring of wizardry]

   It improves your spell success rate.
   rN:        It greatly protects you from negative energy.
 s - a +6 ring of strength (right hand)
 G - a ring of protection from fire
 K - a ring of see invisible
 L - the brooch of Shielding {Spirit SH+8}
   (You found it in the Dungeon)

   [amulet of guardian spirit]

   It causes incoming damage to be divided between your reserves of health and
   magic.
   SH:        It affects your SH (+8).
 M - a ring of magical power
 Q - an amulet of reflection (around neck)
 R - an amulet of magic regeneration
 T - the ring "Zizocruu" {Wiz Str+3}
   (You found it in the Dungeon)

   [ring of wizardry]

   It improves your spell success rate.
   Str:       It affects your strength (+3).
 U - a ring of resist corrosion
 V - a +6 ring of intelligence
 W - the ring "Iqav Amn" {Fly rC- Str+6 Int+9 Slay+5}
   (You found it in the Dungeon)

   [ring of strength]

   Str:       It affects your strength (+6).
   Int:       It affects your intelligence (+9).
   Slay:      It affects your accuracy & damage with ranged weapons and melee
   (+5).
   rC:        It makes you vulnerable to cold.
   Fly:       It grants you flight.
 Z - the ring of the Lizard {rPois Will++}
   (You found it in the Dungeon)

   [ring of poison resistance]

   rPois:     It protects you from poison.
   Will:      It greatly increases your willpower.
Wands
 e - a wand of roots (4)
 m - a wand of polymorph (19)
 u - a wand of mindburst (7)
 H - a wand of flame (37)
 J - a wand of digging (4)
 O - a wand of paralysis (4)
Scrolls
 g - 2 scrolls of brand weapon
 k - 4 scrolls of blinking
 t - a scroll of acquirement
 y - 4 scrolls of amnesia
 C - 7 scrolls of fog
 D - 5 scrolls of identify
 E - 2 scrolls of fear
 N - 4 scrolls of enchant weapon
Potions
 f - 6 potions of curing
 h - 9 potions of haste
 i - 3 potions of magic
 j - 3 potions of berserk rage
 w - 2 potions of brilliance
 x - 2 potions of invisibility
 z - 4 potions of resistance
 A - a potion of experience
 B - 5 potions of might


   Skills:
 + Level 20.5 Fighting
 - Level 15.0 Maces & Flails
 + Level 17.5 Throwing
 + Level 20.3 Armour
 + Level 16.4 Dodging
 + Level 20.3 Shields
 + Level 22.6 Invocations


You had 15 spell levels left.
You didn't know any spells.
Your spell library contained the following spells:

 Spells                   Type           Power      Damage    Failure   Level
 Freeze                   Ice            0%         1d3       36%         1
 Kiss of Death            Conj/Necr      0%         2d5       36%         1
 Magic Dart               Conj           0%         1d3       36%         1
 Necrotise                Necr           0%         1d4       36%         1
 Sandblast                Erth           0%         2d4       36%         1
 Shock                    Conj/Air       0%         1d3       36%         1
 Sting                    Tmut/Pois      0%         1d3       36%         1
 Summon Small Mammal      Summ           0%         N/A       36%         1
 Blink                    Tloc           0%         N/A       52%         2
 Passwall                 Tmut/Erth      0%         N/A       52%         2
 Poisonous Vapours        Pois/Air       0%         N/A       52%         2
 Scorch                   Fire           0%         2d5       52%         2
 Searing Ray              Conj           0%         2d4       52%         2
 Wereblood                Tmut           0%         N/A       52%         2
 Confusing Touch          Hex            0%         N/A       77%         3
 Frozen Ramparts          Ice            0%         1d1       77%         3
 Hailstorm                Conj/Ice       0%         3d3       77%         3
 Ignite Poison            Fire/Tmut/Pois 0%         N/A       77%         3
 Mephitic Cloud           Conj/Pois/Air  0%         N/A       77%         3
 Spider Form              Tmut/Pois      0%         N/A       77%         3
 Stone Arrow              Conj/Erth      0%         3d7       77%         3
 Summon Guardian Golem    Hex/Summ       0%         N/A       77%         3
 Swiftness                Air            0%         N/A       77%         3
 Volatile Blastmotes      Fire/Tloc      0%         2d10      77%         3
 Airstrike                Air            0%         2d(0-16)  99%         4
 Anguish                  Hex/Necr       0%         N/A       99%         4
 Animate Armour           Summ/Erth      0%         N/A       99%         4
 Cause Fear               Hex            0%         N/A       99%         4
 Dispel Undead            Necr           0%         3d6       99%         4
 Flame Wave               Conj/Fire      0%         2d4       99%         4
 Fulminant Prism          Conj/Hex       0%         3d5       99%         4
 Ice Form                 Ice/Tmut       0%         N/A       99%         4
 Iskenderun's Mystic Bla  Conj/Tloc      0%         2d3       99%         4
 Leda's Liquefaction      Hex/Erth       0%         N/A       99%         4
 Manifold Assault         Tloc           0%         N/A       99%         4
 Petrify                  Tmut/Erth      0%         N/A       99%         4
 Sticky Flame             Conj/Fire      0%         2d3       99%         4
 Summon Ice Beast         Ice/Summ       0%         N/A       99%         4
 Summon Lightning Spire   Summ/Air       0%         N/A       99%         4
 Alistair's Intoxication  Tmut/Pois      0%         N/A       100%        5
 Borgnjor's Vile Clutch   Necr/Erth      0%         N/A       100%        5
 Freezing Cloud           Conj/Ice/Air   0%         6-21      100%        5
 Silence                  Hex/Air        0%         N/A       100%        5
 Summon Forest            Summ/Tloc      0%         N/A       100%        5
 Summon Mana Viper        Hex/Summ       0%         N/A       100%        5
 Death Channel            Necr           0%         N/A       100%        6
 Eringya's Noxious Bog    Tmut/Pois      0%         N/A       100%        6
 Iron Shot                Conj/Erth      0%         9d1       100%        6
 Starburst                Conj/Fire      0%         6d3       100%        6
 Summon Cactus Giant      Summ           0%         N/A       100%        6
 Enfeeble                 Hex            0%         N/A       100%        7
 Haunt                    Necr/Summ      0%         N/A       100%        7
 Malign Gateway           Summ/Tloc      0%         N/A       100%        7
 Monstrous Menagerie      Summ           0%         N/A       100%        7
 Orb of Destruction       Conj           0%         9d5       100%        7
 Spellforged Servitor     Conj/Summ      0%         N/A       100%        7
 Storm Form               Tmut/Air       0%         N/A       100%        7
 Summon Hydra             Summ           0%         N/A       100%        7
 Ignition                 Fire           0%         3d3       100%        8
 Infestation              Necr           0%         N/A       100%        8
 Maxwell's Capacitive Co  Air            0%         ∞         100%        8
 Summon Horrible Things   Summ           0%         N/A       100%        8
 Cigotuvi's Dreadful Rot  Necr/Pois/Air  Unusable   N/A       N/A         2
 Sublimation of Blood     Necr           Unusable   N/A       N/A         2

Dungeon Overview and Level Annotations

Branches:
Dungeon (1/1)

Altars:
Ashenzari
Cheibriados
Dithmenos
Elyvilon
Fedhas
Gozag
Hepliaklqana
Kikubaaqudgha
Makhleb
Nemelex Xobeh
Okawaru
Qazlal
Ru
Sif Muna
Trog
Uskayaw
Vehumet
Wu Jian
Xom
Yredelemnul
Zin
The Shining One
Jiyva
Lugonu


Innate Abilities, Weirdness & Mutations

You are immune to sickness and miasma.
Your stone body is resilient. (AC +12)
You are immune to poison.
Your large and strong wings let you fly.
You resist negative energy. (rN+)
You are resistant to electric shocks. (rElec)
You are resistant to unholy torment.
You are immune to petrification.
Your spells are a little easier to cast, but a little less powerful.
You occasionally lose the ability to read scrolls when taking damage.


Message History

GONNNNG!
You block the demonic crawler's attack.
GONNNNG!
The demonic crawler hits you!
* * * LOW HITPOINT WARNING * * *
The ghost moth stares at you.
You feel you are being watched by something.
Something barely misses you. Something hits you!
* * * LOW HITPOINT WARNING * * *
You feel weakened. Something closely misses you.
The emperor scorpion completely misses you.
The emperor scorpion misses you.
The emperor scorpion claws you but does no damage.
You feel you are being watched by something.
You bludgeon the radroach!!
There is a shattering impact!
The radroach is heavily wounded.
The demonic crawler is moderately wounded.
The demonic crawler is almost dead.
The entropy weaver is moderately wounded.
The moth of wrath is lightly wounded.
The radroach is heavily wounded.
You hear a skittering sound.
The demonic crawler misses you. You block the demonic crawler's attack.
GONNNNG!
You block the demonic crawler's attack.
GONNNNG!
The demonic crawler misses you. You block the demonic crawler's attack.
BONNNG!
The demonic crawler barely misses you. The radroach closely misses you.
You block the radroach's attack.
GONNNNG!
You hear a faint skittering sound.
The ghost moth stares at you.
You feel your power leaking away. You block the demonic crawler's attack.
PTOANNNG!
The demonic crawler completely misses you.
The demonic crawler hits you but does no damage.
The emperor scorpion stings you!!
You die...

................▓.....)..))
................▓.......)))
...........s..s.▓..)..)))).
................▓.......[[)
........yy.y....▓......)).[
........wyy.....▓........).
...▓...y.Bs▓... ▓..........
.. ▓▓..sBs▓▓ .. ▓..........
...▓...w.s@▓... ▓..........
........BsB{....▓.......©..
.........By.....▓▓▓▓▓▓▓▓▓▓▓
.......©........▓
▓▓▓▓▓▓▓▓▓▓▓▓▓▓▓▓▓


You could see an emperor scorpion (berserk), a sun moth (berserk), 2 radroaches,
2 entropy weavers, a steelbarb worm (berserk), a torpor snail, 2 demonic
crawlers, 4 moths of wrath, a pharaoh ant and a redback (berserk).

Vanquished Creatures
  2 pandemonium lords (D)
  A lich (D)
  2 tentacled starspawn (D)
  A draconian knight (D)
  A daeva (D)
  4 draconian monks (D)
  A balrug (D)
  3 draconian scorchers (D)
  An angel (D)
  5 draconian stormcallers (D)
  4 orc warlords (D)
  2 very ugly things (D)
  2 draconian annihilators (D)
  6 stone giants (D)
  An ophan (D)
  5 black draconians (D)
  2 vampire knights (D)
  6 green draconians (D)
  A deep elf annihilator (D)
  2 wendigos (D)
  8 white draconians (D)
  5 yellow draconians (D)
  5 purple draconians (D)
  5 red draconians (D)
  A yaktaur captain (D)
  7 vault guards (D)
  3 anacondas (D)
  2 dancing weapons (D)
  3 naga warriors (D)
  2 vampire magi (D)
  An orc high priest (D)
  A thrashing horror (D)
  A wretched star (D)
  4 skeletal warriors (D)
  5 deep elf archers (D)
  A deep elf zephyrmancer (D)
  A necromancer (D)
  A steelbarb worm (D)
  A wolf spider (shapeshifter) (D)
  3 orc knights (D)
  2 deep elf pyromancers (D)
  2 shining eyes (D)
  A manticore (shapeshifter) (D)
  A moth of wrath (shapeshifter) (D)
  6 orc sorcerers (D)
  A faun (shapeshifter) (D)
  3 large abominations (D)
  4 black mambas (D)
  A guardian serpent (D)
  A guardian serpent (shapeshifter) (D)
  3 naga magi (D)
  2 demonic crawlers (D)
  A cane toad (shapeshifter) (D)
  2 hellions (D)
  2 yaktaurs (D)
  A freezing wraith (D)
  2 trolls (D)
  A hornet (shapeshifter) (D)
  2 wind drakes (shapeshifter) (D)
  2 tarantellas (D)
  A raiju (shapeshifter) (D)
  A raiju (D)
  A culicivora (shapeshifter) (D)
  A jumping spider (D)
  A jumping spider (shapeshifter) (D)
  A shadow (D)
  A vampire (D)
  A basilisk (shapeshifter) (D)
  A water elemental (D)
  3 neqoxecs (D)
  3 redbacks (D)
  2 wargs (D)
  8 nagas (D)
  4 water moccasins (D)
  3 hell hounds (D)
  13 orc warriors (D)
  6 ogres (D)
  A phantom (D)
  An earth elemental (D)
  2 necrophages (D)
  3 scorpions (D)
  3 small abominations (D)
  9 wights (D)
  A quasit (D)
  3 jellies (D)
  4 orc priests (D)
  3 orc wizards (D)
  5 adders (D)
  A gnoll (D)
  3 ufetubi (D)
  4 adder zombies (D)
  2 adder simulacra (D)
  2 orcs (D)
  2 bat skeletons (D)
  A bat zombie (D)
  An endoplasm (D)
  5 ball pythons (D)
  A ball python zombie (D)
  A bat simulacrum (D)
  A giant cockroach simulacrum (D)
  A giant cockroach zombie (D)
  A jackal skeleton (D)
  4 quokka simulacra (D)
  3 quokka skeletons (D)
  A quokka zombie (D)
  A lurking horror (D)
273 creatures vanquished.

Vanquished Creatures (others)
  5 starspawn tentacles (D)
5 creatures vanquished.

Grand Total: 278 creatures vanquished

Notes
Turn   | Place    | Note
-------+----------+-------------------------------------------
     0 | D        | Groucho the Gargoyle Gladiator began the quest for the Orb.
     0 | D        | Reached XP level 1. HP: 12/12 MP: 1/1
    12 | D        | Found a blossoming altar of Fedhas.
    12 | D        | Found the +6 Majin-Bo {spellvamp, MP+6 Int+6}
    12 | D        | Found the +27 heavy crossbow "Sniper" {heavy, Acc+∞ SInv}
    12 | D        | Found the +10 dark maul {heavy}
    12 | D        | Found the +15 Maxwell's patent armour {-Cast -Tele rElec
                  | Will+ rCorr}
    12 | D        | Found the +18 shield of the Gong {Loud rN+ Will+ rCorr
                  | EV-5}
    12 | D        | Found the +16 obsidian axe {drain, demonic, Mesm Drain Fly
                  | SInv}
    12 | D        | Found the +7 great mace "Firestarter" {flame, immolate,
                  | rFlCloud rF++}
    12 | D        | Found the +6 shillelagh "Devastator" {shatter}
    12 | D        | Found the +11 plutonium sword {Contam Stlth-}
    12 | D        | Found the +8 lance "Wyrmbane" {slay drac, rPois rF+ rC+
                  | AC+3}
    12 | D        | Found the +9 sword of Zonguldrok {reap}
    12 | D        | Found the +13 scythe of Curses {drain, curses, Drain}
    12 | D        | Found the +9 sword of Power {lifebolt}
    12 | D        | Found the +7 mace of Variability {chaos, chaos arc}
    12 | D        | Found the +11 Singing Sword {sonic wave}
    12 | D        | Found the +8 storm bow {elec, penet}
    13 | D        | Found a viscous altar of Jiyva.
    13 | D        | Found a transporter.
    13 | D        | Found a hazy altar of Hepliaklqana.
    13 | D        | Found an ancient bone altar of Kikubaaqudgha.
    13 | D        | Found an opulent altar of Gozag.
    13 | D        | Found a corrupted altar of Lugonu.
    18 | D        | Found a burning altar of Makhleb.
    19 | D        | Found an iron altar of Okawaru.
    19 | D        | Found a stormy altar of Qazlal.
    19 | D        | Found a sparkling altar of Nemelex Xobeh.
    19 | D        | Found a sacrificial altar of Ru.
    19 | D        | Found a shimmering blue altar of Sif Muna.
    42 | D        | Found a bloodstained altar of Trog.
   105 | D        | Became a worshipper of Cheibriados the Contemplative
   117 | D        | Entered arena 2.
   117 | D        | Noticed a wight
   117 | D        | Found a transporter.
   122 | D        | Killed a wight
   123 | D        | Reached XP level 2. HP: 20/20 MP: 2/2
   123 | D        | Reached XP level 3. HP: 24/24 MP: 3/3
   136 | D        | Entered arena 3.
   136 | D        | Found a transporter.
   140 | D        | Reached * piety under Cheibriados
   141 | D        | Reached skill level 2 in Invocations
   141 | D        | Reached XP level 4. HP: 29/29 MP: 3/5
   141 | D        | Reached ** piety under Cheibriados
   142 | D        | Reached skill level 3 in Invocations
   148 | D        | Got the Papyrus of Captivating Accompaniment
   268 | D        | Entered arena 4.
   268 | D        | Noticed a +1 mace of holy wrath
   268 | D        | Noticed a water elemental
   268 | D        | Noticed a deep elf zephyrmancer
   268 | D        | Noticed a deep elf archer
   268 | D        | Found a transporter.
   278 | D        | Killed a water elemental
   279 | D        | Reached skill level 5 in Fighting
   279 | D        | Reached skill level 5 in Maces & Flails
   279 | D        | Reached skill level 5 in Invocations
   279 | D        | Reached XP level 5. HP: 35/35 MP: 6/9
   279 | D        | Reached XP level 6. HP: 40/40 MP: 6/10
   292 | D        | Killed a deep elf zephyrmancer
   293 | D        | Reached skill level 5 in Throwing
   293 | D        | Reached skill level 5 in Dodging
   293 | D        | Reached skill level 8 in Invocations
   293 | D        | Reached XP level 7. HP: 41/47 MP: 7/13
   294 | D        | Killed a deep elf archer
   294 | D        | Killed a +1 mace of holy wrath
   294 | D        | Reached *** piety under Cheibriados
   295 | D        | Reached skill level 10 in Invocations
   295 | D        | Reached XP level 8. HP: 47/54 MP: 8/15
   295 | D        | Reached XP level 9. HP: 52/59 MP: 8/16
   588 | D        | Entered arena 5.
   588 | D        | Found a transporter.
   591 | D        | Reached **** piety under Cheibriados
   602 | D        | Entered arena 6.
   602 | D        | Noticed a tarantella
   602 | D        | Found a transporter.
   603 | D        | Reached ***** piety under Cheibriados
   603 | D        | Killed a tarantella
   604 | D        | Reached skill level 11 in Invocations
   632 | D        | Entered arena 7.
   632 | D        | Noticed a naga mage
   632 | D        | Noticed a black mamba
   633 | D        | Killed a black mamba
   633 | D        | Reached ****** piety under Cheibriados
   636 | D        | Found a transporter.
   644 | D        | Killed a naga mage
   645 | D        | Reached skill level 12 in Invocations
   645 | D        | Reached XP level 10. HP: 66/66 MP: 4/19
   658 | D        | Got Ixter's Guidebook on Assaults and Vapour
  1011 | D        | Entered arena 8.
  1014 | D        | Found a transporter.
  1024 | D        | Got Seura's Lessons on the Caves
  1051 | D        | Entered arena 9.
  1054 | D        | Found a transporter.
  1081 | D        | Entered arena 10.
  1081 | D        | Noticed a deep elf archer
  1081 | D        | Noticed a deep elf annihilator
  1081 | D        | Noticed a deep elf pyromancer
  1081 | D        | Noticed a deep elf archer
  1081 | D        | Noticed a deep elf archer
  1081 | D        | Noticed a deep elf archer
  1081 | D        | Noticed a +3 halberd of pain
  1081 | D        | Noticed a deep elf pyromancer
  1082 | D        | Killed a +3 halberd of pain
  1083 | D        | Reached skill level 10 in Fighting
  1083 | D        | Killed a deep elf pyromancer
  1084 | D        | Reached skill level 13 in Invocations
  1084 | D        | Killed a deep elf pyromancer
  1084 | D        | Killed a deep elf archer
  1084 | D        | Killed a deep elf archer
  1084 | D        | Killed a deep elf archer
  1084 | D        | Killed a deep elf archer
  1085 | D        | Reached skill level 10 in Maces & Flails
  1085 | D        | Reached skill level 10 in Armour
  1085 | D        | Reached skill level 10 in Shields
  1085 | D        | Reached skill level 14 in Invocations
  1085 | D        | Reached XP level 11. HP: 73/73 MP: 2/21
  1085 | D        | Killed a deep elf annihilator
  1192 | D        | Found a transporter.
  1215 | D        | Entered arena 11.
  1217 | D        | Found a transporter.
  1234 | D        | Got the Catalogue of Transforming Allies
  1236 | D        | Entered arena 12.
  1236 | D        | Noticed an orc sorcerer
  1237 | D        | Identified the amulet of Finn {Spirit *Corrode *Slow rN+++
                  | Dex+6}
  1237 | D        | Noticed an orc knight
  1237 | D        | Identified the staff of death "Zovocuyx" {rF+ rN+ Dex+4}
  1237 | D        | Noticed an orc sorcerer
  1238 | D        | Noticed a sixfirhy
  1239 | D        | Killed an orc sorcerer
  1239 | D        | Killed an orc sorcerer
  1242 | D        | Killed an orc knight
  1243 | D        | Reached skill level 15 in Invocations
  1243 | D        | Found a transporter.
  1263 | D        | Got the Thoughts on Congelation and Corruption
  1278 | D        | Entered arena 13.
  1278 | D        | Noticed a naga warrior
  1288 | D        | Killed a naga warrior
  1290 | D        | Found a transporter.
  1374 | D        | Entered arena 14.
  1375 | D        | Noticed a wendigo
  1382 | D        | Reached skill level 10 in Throwing
  1382 | D        | Noticed a wendigo
  1386 | D        | Killed a wendigo
  1387 | D        | Found a transporter.
  1393 | D        | Killed a wendigo
  1394 | D        | Reached XP level 12. HP: 63/81 MP: 10/23
  1405 | D        | Acquired the +2 hat of Indecent Exposure {Dex+2}
  1467 | D        | Entered arena 15.
  1468 | D        | Noticed an ophan
  1468 | D        | Found the +3 greatsling "Punk" {acid, rCorr}
  1469 | D        | Noticed an angel
  1472 | D        | Killed an angel
  1475 | D        | Noticed a daeva
  1479 | D        | Killed an ophan
  1480 | D        | Reached skill level 10 in Dodging
  1480 | D        | Reached skill level 16 in Invocations
  1497 | D        | Killed a daeva
  1623 | D        | Found a transporter.
  1631 | D        | Got the Almanac of Causimancy
  1649 | D        | Entered arena 16.
  1650 | D        | Noticed a stone giant
  1650 | D        | Noticed a vault guard
  1650 | D        | Noticed a stone giant
  1650 | D        | Noticed a vault guard
  1650 | D        | Noticed a vault guard
  1650 | D        | Noticed a vault guard
  1650 | D        | Noticed a vault guard
  1650 | D        | Found the brooch of Shielding {Spirit SH+8}
  1650 | D        | Noticed a stone giant
  1650 | D        | Noticed a yaktaur captain
  1650 | D        | Noticed a vault guard
  1651 | D        | Identified the +3 dire flail of Ascent {protect, Contam rN+
                  | Dex+3}
  1651 | D        | Identified the +1 lajatang "Jegh" {freeze, *Corrode rC+++
                  | rN++ MP+9}
  1651 | D        | Noticed a vault guard
  1651 | D        | Noticed a stone giant
  1655 | D        | Killed a vault guard
  1655 | D        | Killed a vault guard
  1655 | D        | Killed a vault guard
  1655 | D        | Killed a vault guard
  1655 | D        | Killed a vault guard
  1655 | D        | Killed a vault guard
  1655 | D        | Killed a vault guard
  1655 | D        | Killed a stone giant
  1655 | D        | Killed a yaktaur captain
  1658 | D        | Killed a stone giant
  1659 | D        | Reached skill level 17 in Invocations
  1659 | D        | Reached XP level 13. HP: 78/89 MP: 5/25
  1659 | D        | Killed a stone giant
  1660 | D        | Killed a stone giant
  1764 | D        | Found a transporter.
  1785 | D        | Got the Octavo of the Grey Dragon
  1789 | D        | Got the Anthology of Morbid Talus
  1802 | D        | Entered arena 17.
  1814 | D        | Found a transporter.
  1835 | D        | Got the ring "Zizocruu" {Wiz Str+3}
  1840 | D        | Got the ring of Viyn {Drain Str+3 Int-2 Dex+6 Slay+3}
  1907 | D        | Entered arena 18.
  1910 | D        | Noticed a cyan very ugly thing
  1910 | D        | Noticed a green very ugly thing
  1915 | D        | Killed a cyan very ugly thing
  1915 | D        | Killed a cyan very ugly thing
  1916 | D        | Reached skill level 15 in Fighting
  1916 | D        | Reached skill level 18 in Invocations
  1918 | D        | Gained mutation: Your spells are a little easier to cast,
                  | but a little less powerful. [a shining eye]
  1920 | D        | Found a transporter.
  1926 | D        | Gained mutation: You occasionally lose the ability to read
                  | scrolls when taking damage. [a shining eye]
  1937 | D        | Got the Discourse on the Unstable Mausoleum
  1940 | D        | Got Soacsudo's Vellum of the Telluric Queen Bee
  1944 | D        | Got the Atlas of Arenous Hurting
  2040 | D        | Entered arena 19.
  2043 | D        | Noticed a white draconian stormcaller
  2043 | D        | Noticed a purple draconian
  2043 | D        | Noticed a green draconian monk
  2043 | D        | Noticed a white draconian
  2043 | D        | Noticed a black draconian
  2043 | D        | Noticed a green draconian
  2043 | D        | Noticed a white draconian
  2043 | D        | Noticed a white draconian
  2043 | D        | Noticed a red draconian
  2043 | D        | Noticed a white draconian stormcaller
  2043 | D        | Noticed a green draconian
  2043 | D        | Noticed a white draconian
  2043 | D        | Noticed a white draconian
  2043 | D        | Noticed a yellow draconian
  2043 | D        | Noticed a purple draconian
  2043 | D        | Noticed a purple draconian
  2043 | D        | Identified the +0 buckler of the Heron {Dex+3}
  2043 | D        | Noticed a green draconian
  2043 | D        | Noticed a black draconian knight
  2044 | D        | Noticed a red draconian scorcher
  2045 | D        | Noticed a yellow draconian
  2049 | D        | Killed a red draconian
  2049 | D        | Killed a green draconian
  2049 | D        | Killed a white draconian
  2049 | D        | Killed a red draconian scorcher
  2049 | D        | Killed a purple draconian
  2049 | D        | Killed a purple draconian
  2049 | D        | Killed a white draconian stormcaller
  2049 | D        | Killed a white draconian stormcaller
  2050 | D        | Reached skill level 15 in Armour
  2050 | D        | Reached skill level 15 in Shields
  2050 | D        | Gained mutation: Your large and strong wings let you fly.
                  | [Gargoyle growth]
  2050 | D        | Reached XP level 14. HP: 30/99 MP: 2/27
  2052 | D        | Killed a green draconian monk
  2052 | D        | Killed a white draconian
  2052 | D        | Killed a white draconian
  2052 | D        | Killed a green draconian
  2052 | D        | Killed a black draconian
  2052 | D        | Killed a purple draconian
  2052 | D        | Killed a yellow draconian
  2052 | D        | Killed a white draconian
  2052 | D        | Killed a green draconian
  2052 | D        | Killed a black draconian knight
  2053 | D        | Reached skill level 15 in Maces & Flails
  2053 | D        | Reached skill level 19 in Invocations
  2053 | D        | Killed a yellow draconian
  2053 | D        | Killed a white draconian
  2184 | D        | Found a transporter.
  2192 | D        | Got Tit Sun's Almanac of Collective Moulding
  2206 | D        | Got the Precepts of the Panacea and Haze
  2241 | D        | Entered arena 20.
  2247 | D        | Noticed a vampire knight
  2247 | D        | Noticed a lich
  2247 | D        | Identified the ring of Supowif {Drain rPois rC+ Slay+2}
  2247 | D        | Noticed a vampire knight
  2250 | D        | Killed a lich
  2251 | D        | Killed a vampire knight
  2251 | D        | Killed a vampire knight
  2253 | D        | Found a transporter.
  2265 | D        | Got the ring "Iqav Amn" {Fly rC- Str+6 Int+9 Slay+5}
  2337 | D        | Entered arena 21.
  2343 | D        | Noticed Feadaf the pandemonium lord
  2344 | D        | Noticed a tentacled starspawn
  2344 | D        | Noticed Galytiacu the pandemonium lord
  2344 | D        | Noticed a tentacled starspawn
  2346 | D        | Noticed a balrug
  2346 | D        | Found the ring of the Tortoise {AC+8}
  2348 | D        | Reached skill level 20 in Invocations
  2349 | D        | Killed a tentacled starspawn
  2349 | D        | Killed a balrug
  2350 | D        | Reached skill level 15 in Throwing
  2350 | D        | Reached XP level 15. HP: 82/108 MP: 3/29
  2350 | D        | Killed a tentacled starspawn
  2358 | D        | Killed Feadaf the pandemonium lord
  2416 | D        | Killed Galytiacu the pandemonium lord
  2417 | D        | Found a transporter.
  2427 | D        | Got the ring of the Lizard {rPois Will++}
  2473 | D        | Got the amulet of Wifi {Spirit Fragile +Inv rC- Dex+9}
  2478 | D        | Entered arena 22.
  2483 | D        | Noticed a white draconian stormcaller
  2483 | D        | Noticed a green draconian monk
  2483 | D        | Noticed a green draconian monk
  2483 | D        | Noticed a white draconian stormcaller
  2483 | D        | Noticed a red draconian scorcher
  2484 | D        | Noticed a green draconian monk
  2484 | D        | Identified the +8 war axe of Insomnia {spect, rPois Str+3}
  2484 | D        | Noticed a white draconian stormcaller
  2484 | D        | Noticed a red draconian scorcher
  2489 | D        | Killed a red draconian scorcher
  2489 | D        | HP: 2/108 [white draconian stormcaller/divine providence
                  | (13)]
  2490 | D        | Killed a white draconian stormcaller
  2490 | D        | Killed a white draconian stormcaller
  2490 | D        | Killed a white draconian stormcaller
  2491 | D        | Reached skill level 15 in Dodging
  2491 | D        | Reached skill level 21 in Invocations
  2491 | D        | Killed a green draconian monk
  2491 | D        | Killed a red draconian scorcher
  2497 | D        | Killed a green draconian monk
  2497 | D        | Killed a green draconian monk
  2843 | D        | Found the +4 Cigotuvi's embrace {Corpsefed rMiasma Drain
                  | rN+}
  2844 | D        | Found a transporter.
  2853 | D        | Got the ring "Itzotude" {Wiz rN++}
  2868 | D        | Got the Secrets of Permutations
  2958 | D        | Entered arena 23.
  2964 | D        | Noticed an orc warlord
  2964 | D        | Noticed an orc warlord
  2965 | D        | Noticed an orc warlord
  2965 | D        | Noticed an orc warlord
  2966 | D        | Reached skill level 22 in Invocations
  2967 | D        | Reached XP level 16. HP: 118/118 MP: 19/31
  2987 | D        | Found a transporter.
  3031 | D        | Got Pimol's Textbook on Effluvium
  3049 | D        | Got the +1 pair of boots of Icudin {rPois rN+ Str+4 Dex-2}
  3235 | D        | Entered arena 24.
  3258 | D        | Demolished by an emperor scorpion

Illustrated notes

Levels and vault maps discovered:
D:        sprint_v [room_start, room_1, room_2, room_3, room_4, room_5, room_6,
          room_7, room_8, room_9, room_10, room_11, room_12, room_13, room_14,
          room_15, room_16, room_17, room_18, room_19, room_20, room_21,
          room_22, room_23, room_24, room_25, room_26, room_27]

Skill      XL: |  1  2  3  4  5  6  7  8  9 10 11 12 13 14 15 16 |
---------------+-------------------------------------------------+-----
Fighting       | 3 4 5 6 8 9 10 12 13 15 17 19 20 | 20.5
Maces & Flails | 4 5 6 7 8 10 11 12 14 15 | 15.0
Throwing       | 3 4 5 6 7 9 10 11 13 15 17 | 17.5
Armour         | 2 3 4 6 7 8 10 11 13 15 17 19 20 | 20.3
Dodging        | 3 4 5 6 7 8 9 11 12 14 15 16 | 16.4
Shields        | 2 3 4 6 7 8 10 11 13 15 17 19 20 | 20.3
Invocations    | 2 5 8 10 12 14 15 17 18 20 22 | 22.6

Action                     |  1- 3 |  4- 6 |  7- 9 | 10-12 | 13-15 | 16-18 || total
---------------------------+-------+-------+-------+-------+-------+-------++-------
  Melee: Shillelagh        |     5 |    22 |    11 |    30 |    84 |    23 ||   175
  Throw: Javelin           |       |       |       |     4 |     1 |       ||     5
 Invoke: Slouch            |       |       |     4 |    30 |    36 |     4 ||    74
         Bend Time         |       |       |       |     1 |     1 |       ||     2
    Use: Potion            |       |     1 |       |     3 |    13 |     1 ||    18
         Scroll            |       |       |       |     1 |       |       ||     1
 Armour: Plate armour      |     3 |    19 |     4 |     5 |    27 |    24 ||    82
  Dodge: Dodged            |       |     6 |     1 |     7 |    44 |    75 ||   133
  Block: Kite shield       |     5 |    41 |    16 |    47 |   104 |    99 ||   312
         Reflection        |       |       |       |     3 |    10 |     2 ||    15
